Map: [ESL] Moondance

Players

maru - Winner!

  • Race: Terran Terran
  • League: Diamond
  • Spawn Location: 6:00

DPGherO (herO)

  • Race: Protoss Protoss
  • Spawn Location: 12:00

Event: TSL 9

VOD

Have the link to the VOD?

Description

Time

  • Played on: Sept. 2, 2022, 7:25 a.m.
  • Length: 21:16

All games in this series

Show
View Real Time Build Order
Export as new Build Order

maru Terran - Winner!

Build Orders: Banshee Rush 

Get SALT Encoding   

  12  0:00  SCV  
  13  0:12  SCV  
  14  0:16  Supply Depot  
  14  0:24  SCV  
  15  0:38  SCV  
  15  0:40  Barracks  
  16  0:45  Refinery  
  16  0:50  SCV  
  16  0:54  Refinery  
  17  1:02  SCV  
  18  1:14  SCV  
  19  1:27  Reaper, Orbital Command  
  20  1:43  Factory  
  20  1:50  Supply Depot  
  20  1:52  SCV  
  21  1:59  Barracks Reactor  
  21  2:04  SCV  
  22  2:17  SCV  
  22  2:22  Command Center  
  23  2:26  Hellion  
  23  2:29  SCV  
  26  2:35  Supply Depot  
  27  2:37  Reaper  
  27  2:40  Reaper  
  27  2:42  SCV  
  29  2:48  Hellion  
  31  2:56  SCV  
  32  2:59  Starport  
  32  3:08  SCV  
  32  3:09  Marine  
  32  3:12  Factory Tech Lab, Marine  
  34  3:20  SCV  
  35  3:29  Marine x2  
  37  3:39  SCV  
  38  3:43  Factory Tech Lab  
  38  3:47  Cloaking Field  
  38  3:48  Banshee, Orbital Command  
  41  3:51  SCV  
  41  3:54  Marine x2  
  44  4:03  Siege Tank  
  44  4:04  SCV  
  45  4:13  Bunker  
  45  4:14  Marine x2  
  45  4:15  SCV  
  44  4:18  SCV  
  44  4:22  Supply Depot  
  45  4:30  Banshee  
  48  4:32  Marine x2  
  48  4:33  SCV x2  
  52  4:44  Siege Tank  
  52  4:45  SCV  
  56  4:46  SCV  
  56  4:47  Supply Depot  
  56  4:51  Marine x2  
  59  4:57  SCV  
  59  4:58  SCV  
  61  5:05  Command Center  
  61  5:09  SCV  
  61  5:12  SCV  
  63  5:14  Raven  
  63  5:21  SCV  
  66  5:22  Refinery  
  66  5:24  SCV  
  66  5:25  Refinery  
  66  5:28  Barracks  
  67  5:32  Supply Depot  
  67  5:33  SCV  
  68  5:36  SCV  
  69  5:45  SCV, Siege Tank  
  70  5:54  SCV  
  70  5:55  Supply Depot  
  70  5:56  Barracks  
  71  5:57  SCV  
  71  5:58  Supply Depot  
  72  6:05  Engineering Bay  
  72  6:06  Engineering Bay, SCV  
  72  6:08  Marine  
  72  6:09  SCV  
  72  6:10  Stimpack  
  74  6:17  Barracks Tech Lab  
  74  6:18  SCV  
  74  6:21  Viking, SCV  
  74  6:24  Orbital Command  
  75  6:30  SCV  
  76  6:33  SCV  
  76  6:34  Marine  
  76  6:35  Marine  
  76  6:37  Siege Tank  
  82  6:42  SCV, Terran Infantry Weapons Level 1  
  82  6:46  SCV  
  84  6:51  SCV  
  84  6:53  Starport Reactor  
  85  6:56  Marine x2  
  85  6:57  SCV  
  85  7:00  Barracks x2, SCV  
  89  7:01  Missile Turret  
  89  7:02  Missile Turret  
  89  7:04  Missile Turret  
  89  7:09  Terran Infantry Armor Level 1  
  89  7:10  SCV  
  89  7:11  Siege Tank, Marine x2  
  89  7:14  SCV, Marine  
  97  7:15  Combat Shield  
  97  7:24  SCV  
  97  7:25  Supply Depot  
  97  7:26  Supply Depot  
  97  7:27  Refinery  
  97  7:28  SCV  
  99  7:32  Medivac x2  
  99  7:36  SCV x2  
  105  7:39  Supply Depot  
  105  7:41  Supply Depot  
  105  7:43  SCV  
  106  7:47  Barracks Tech Lab  
  106  7:49  Barracks Reactor  
  106  7:51  Command Center  
  106  7:52  SCV x2  
  106  7:53  Ghost Academy  
  108  8:03  Factory Reactor  
  108  8:04  Marauder x2, Marine x2  
  114  8:07  SCV x3  
  114  8:08  Supply Depot  
  114  8:09  Armory  
  114  8:12  Medivac x2  
  119  8:19  SCV  
  122  8:27  Marauder x3, Marine x3  
  128  8:31  SCV x2  
  130  8:35  SCV  
  130  8:38  Marine  
  132  8:42  Concussive Shells  
  132  8:43  SCV  
  132  8:44  Widow Mine x2  
  132  8:46  Viking x2  
  132  8:48  Marauder x2, Marine x2  
  146  8:50  Missile Turret  
  146  8:53  Missile Turret  
  146  8:54  Missile Turret  
  147  8:57  Ghost  
  147  9:00  Missile Turret  
  147  9:02  Missile Turret  
  149  9:03  Supply Depot  
  149  9:04  Supply Depot  
  149  9:09  Ghost  
  149  9:16  Terran Infantry Weapons Level 2  
  149  9:17  SCV x2  
  149  9:18  SCV  
  149  9:21  Ghost  
  154  9:29  SCV x2  
  156  9:32  Planetary Fortress  
  156  9:33  Refinery  
  156  9:35  Refinery, Missile Turret  
  155  9:38  Missile Turret  
  155  9:40  Command Center  
  155  9:45  Terran Infantry Armor Level 2  
  154  9:56  SCV x3, Enhanced Shockwaves  
  154  9:57  Marine x3  
  154  9:58  Missile Turret, Marine  
  161  10:01  Missile Turret  
  161  10:02  Marauder x2  
  161  10:04  Missile Turret  
  165  10:08  Sensor Tower  
  165  10:14  Siege Tank  
  166  10:27  Command Center  
  166  10:30  Terran Ship Weapons Level 1  
  166  10:31  Command Center  
  166  10:32  Starport  
  170  10:42  Supply Depot x2  
  170  10:49  Liberator  
  168  10:50  Liberator  
  168  10:51  Sensor Tower  
  168  10:56  Fusion Core  
  172  11:06  Siege Tank  
  174  11:20  Planetary Fortress  
  177  11:32  Missile Turret  
  177  11:33  Command Center, Refinery  
  177  11:34  Refinery, Missile Turret  
  177  11:35  Terran Infantry Weapons Level 3  
  177  11:37  Barracks  
  177  11:38  Barracks  
  177  11:39  Barracks, Orbital Command  
  177  11:40  Missile Turret  
  177  11:41  Missile Turret  
  171  12:03  Marine  
  171  12:04  Viking, Marauder x3, Marine x2  
  171  12:05  Viking  
  171  12:06  Viking x2  
  183  12:10  Orbital Command  
  183  12:21  Marine  
  184  12:23  Personal Cloaking  
  184  12:24  Ghost x2  
  184  12:25  Terran Infantry Armor Level 3, Marauder  
  190  12:45  Command Center, Viking x2  
  190  12:46  Marine x2, Ghost  
  190  12:49  Barracks Tech Lab x2  
  190  12:50  Barracks Reactor  
  198  12:53  Ghost  
  200  12:58  Command Center  
  200  13:03  Terran Ship Weapons Level 2  
  200  13:04  Armory  
  200  13:06  Rapid Reignition System  
  198  13:15  Marauder  
  200  13:36  Planetary Fortress, Ghost  
  200  13:43  Ghost  
  200  13:48  Nuke  
  200  13:57  Missile Turret  
  200  14:03  Orbital Command  
  197  14:10  Sensor Tower  
  197  14:12  Missile Turret x2  
  197  14:16  Command Center  
  197  14:20  Neosteel Armor  
  197  14:21  Terran Vehicle And Ship Armor Level 1  
  197  14:23  Ghost  
  194  14:34  Ghost x3  
  194  14:35  Command Center  
  200  14:39  Orbital Command  
  200  14:50  Command Center  
  200  14:51  Nuke  
  195  15:02  Hi-Sec Auto Tracking  
  187  15:09  Liberator x2  
  187  15:10  Marine  
  187  15:11  Marauder x4, Marine x2  
  200  15:19  Marauder, Marine  
  176  15:30  Liberator x2  
  176  15:32  Marauder, Starport, Ghost x2  
  176  15:33  Marine x3  
  176  15:34  Marine x2  
  191  15:36  Widow Mine  
  191  15:37  Orbital Command  
  191  15:46  Marine  
  191  15:47  Marauder x2  
  191  15:49  Orbital Command  
  196  15:51  Marine  
  196  15:52  Medivac, Terran Ship Weapons Level 3  
  196  15:54  Advanced Ballistics  
  199  16:03  Marine  
  197  16:14  Liberator  
  200  16:22  Starport Reactor  
  200  16:23  Terran Vehicle And Ship Armor Level 2  
  188  16:34  Ghost x2  
  188  16:39  Viking x3  
  197  16:43  Marauder x2, Marine x2  
  196  16:49  Marine  
  196  16:50  Marauder, Marine x2  
  173  17:03  Marauder x2  
  173  17:04  Marine, Ghost x2  
  173  17:07  Marine x2  
  180  17:09  Marine x2  
  180  17:11  Marine, Ghost  
  180  17:12  Liberator  
  179  17:24  Ghost  
  179  17:25  Marauder  
  183  17:32  Planetary Fortress, Ghost  
  183  17:33  Marine, Ghost  
  188  17:39  Marine x2  
  188  17:40  Marauder  
  188  17:41  Marine x2  
  188  17:44  Marine  
  172  17:46  Marauder  
  172  17:51  Marine  
  169  17:53  Marauder  
  169  17:54  Viking  
  169  17:57  Marine x2  
  173  18:00  SCV x3  
  173  18:01  SCV x2, Marauder  
  173  18:02  SCV x3, Marauder x2  
  187  18:07  Medivac x2, Ghost  
  187  18:08  Medivac  
  187  18:11  Nuke  
  195  18:14  Ghost  
  195  18:17  Marine x2  
  195  18:18  Marine  
  197  18:28  Marine  
  197  18:29  Marauder x2, Marine  
  197  18:31  Marine  
  197  18:32  Medivac, Marauder  
  200  18:44  Missile Turret  
  200  18:46  Command Center x2  
  200  18:48  Command Center  
  195  18:59  Marine  
  195  19:00  Marauder  
  195  19:01  Medivac x2  
  197  19:07  Medivac x4  
  197  19:15  Marine  
  197  19:16  Marauder, Ghost x3  
  200  19:20  Refinery x2  
  194  19:29  Marauder, Marine  
  193  19:31  Medivac x2, Marine x3  
  193  19:34  Refinery x2  
  200  19:46  Marine  
  187  20:03  Liberator x2, Marine  
  187  20:04  Liberator  
  187  20:06  Marine x2  
  187  20:07  Marauder x3, Marine x2  
  198  20:08  Liberator  
  198  20:11  Orbital Command  
  198  20:12  Orbital Command  
Show
View Real Time Build Order
Export as new Build Order

DPGherO Protoss 

Build Orders: 1 Gate Expand, Blink Stalkers 

Get SALT Encoding   

  12  0:00  Probe  
  13  0:12  Probe  
  14  0:19  Pylon  
  14  0:24  Probe (Chrono Boost)  
  15  0:37  Probe (Chrono Boost)  
  15  0:40  Gateway  
  16  0:45  Probe (Chrono Boost)  
  16  0:48  Assimilator  
  17  0:51  Probe  
  18  1:04  Probe  
  19  1:16  Probe  
  20  1:26  Cybernetics Core  
  20  1:35  Nexus  
  20  1:44  Pylon  
  20  1:47  Assimilator  
  20  1:49  Probe  
  21  2:00  Stalker (Chrono Boost)  
  21  2:01  Probe  
  21  2:05  Warp Gate  
  24  2:13  Probe  
  25  2:18  Shield Battery  
  25  2:21  Stalker (Chrono Boost)  
  25  2:27  Probe  
  28  2:39  Probe  
  28  2:43  Stalker (Chrono Boost)  
  29  2:49  Twilight Council  
  31  2:53  Probe  
  31  2:54  Probe  
  32  3:04  Stalker  
  32  3:06  Probe  
  32  3:08  Probe  
  36  3:18  Probe  
  37  3:20  Probe  
  37  3:23  Gateway  
  38  3:27  Blink (Chrono Boost)  
  38  3:35  Probe x2  
  38  3:39  Pylon  
  40  3:47  Probe x2  
  42  3:51  Robotics Facility  
  42  3:57  Stalker  
  42  3:59  Probe  
  42  4:00  Probe  
  44  4:13  Probe x2  
  44  4:15  Oracle  
  45  4:17  Sentry  
  47  4:25  Probe x2  
  49  4:32  Pylon  
  49  4:33  Nexus  
  49  4:37  Probe x2  
  51  4:41  Warp Prism (Chrono Boost)  
  53  4:49  Probe  
  53  4:50  Probe  
  55  4:57  Assimilator  
  55  4:59  Assimilator  
  55  5:00  Templar Archives  
  55  5:04  Shield Battery, Probe  
  55  5:06  Probe  
  57  5:17  Probe  
  57  5:19  Probe  
  57  5:20  Observer (Chrono Boost)  
  58  5:22  Stalker x2  
  61  5:29  Probe, Pylon  
  62  5:40  Probe (Chrono Boost)  
  62  5:44  Observer  
  62  5:46  Probe (Chrono Boost)  
  63  5:52  Probe (Chrono Boost)  
  65  5:57  Charge  
  65  6:00  Gateway x2  
  65  6:02  Probe x3 (Chrono Boost)  
  67  6:10  Probe x2 (Chrono Boost)  
  67  6:11  Probe (Chrono Boost)  
  70  6:14  Psionic Storm  
  70  6:18  Probe  
  70  6:19  Probe  
  70  6:20  Probe  
  70  6:21  Shield Battery  
  70  6:23  High Templar x2  
  77  6:30  Probe  
  77  6:31  Probe  
  77  6:32  Probe, Pylon  
  80  6:34  Forge  
  80  6:43  Probe x2  
  80  6:44  Probe  
  83  6:54  Assimilator  
  83  6:55  Probe x2  
  83  6:57  Assimilator, Probe, High Templar  
  83  6:59  Pylon  
  88  7:02  Gateway x2  
  88  7:06  High Templar  
  88  7:07  Probe x2  
  92  7:09  Shield Battery, Probe  
  92  7:14  Photon Cannon  
  93  7:17  High Templar  
  93  7:19  Protoss Ground Weapons Level 1 (Chrono Boost), Probe x2  
  93  7:20  Photon Cannon  
  93  7:21  Probe  
  93  7:22  Pylon  
  98  7:36  Pylon  
  98  7:39  Zealot  
  100  7:45  Nexus, Pylon x3  
  100  7:47  Observer  
  100  7:48  Robotics Bay  
  100  7:51  Robotics Facility  
  101  7:58  Pylon  
  101  8:00  Probe x3  
  104  8:05  Photon Cannon  
  104  8:07  Shield Battery  
  104  8:12  Probe x3  
  107  8:15  Stalker x2  
  111  8:21  Forge, Assimilator  
  111  8:24  Assimilator  
  111  8:27  Probe x3  
  111  8:36  Colossus (Chrono Boost)  
  111  8:37  Colossus (Chrono Boost)  
  111  8:39  Probe x3  
  126  8:41  Extended Thermal Lance (Chrono Boost)  
  126  8:50  Photon Cannon  
  126  8:51  Photon Cannon  
  126  9:00  Stargate  
  126  9:02  Stargate, Protoss Ground Armor Level 1  
  126  9:11  Zealot x5  
  136  9:21  Colossus (Chrono Boost)  
  136  9:22  Disruptor (Chrono Boost)  
  136  9:23  Protoss Ground Weapons Level 2 (Chrono Boost)  
  136  9:29  Pylon  
  145  9:33  Nexus  
  145  9:36  Pylon  
  145  9:37  Observer  
  145  9:48  Fleet Beacon  
  139  9:55  Observer, Oracle x2, Stargate  
  139  9:58  Protoss Air Weapons Level 1  
  139  10:04  Probe x4  
  139  10:06  Assimilator  
  143  10:10  Pylon  
  143  10:12  Photon Cannon  
  143  10:13  Gravitic Boosters (Chrono Boost)  
  143  10:15  Shield Battery, Observer  
  142  10:22  Pylon  
  142  10:24  Observer, Probe  
  143  10:29  Disruptor x2  
  143  10:32  Gateway x2  
  143  10:33  Gateway  
  149  10:37  Gateway  
  149  10:38  Pylon  
  149  10:44  High Templar  
  151  10:51  Tempest x3 (Chrono Boost), Pylon  
  166  10:59  Pylon  
  166  11:01  Photon Cannon  
  166  11:20  Protoss Ground Armor Level 2 (Chrono Boost)  
  166  11:21  Dark Shrine  
  166  11:23  Tempest x2 (Chrono Boost)  
  166  11:24  Tempest (Chrono Boost)  
  181  11:27  Gateway, Pylon  
  181  11:30  Probe x4  
  181  11:32  Probe  
  186  11:34  Observer  
  187  11:47  Shield Battery  
  187  11:48  Shield Battery  
  187  11:50  Shield Battery  
  187  11:51  Shield Battery  
  187  11:52  Shield Battery  
  187  11:54  Shield Battery  
  187  11:56  Shield Battery  
  187  11:58  Pylon  
  170  12:06  Observer  
  168  12:08  Disruptor (Chrono Boost)  
  168  12:09  Disruptor (Chrono Boost)  
  168  12:10  Stalker x5  
  184  12:17  Stalker x3, High Templar x2  
  194  12:23  Pylon  
  194  12:24  Pylon  
  194  12:33  Pylon  
  194  12:36  Unknown  
  194  12:38  Photon Cannon  
  194  12:40  Photon Cannon  
  194  12:41  Photon Cannon  
  194  12:42  Shield Battery  
  194  12:44  Shield Battery  
  193  12:46  Tempest  
  193  12:47  Shield Battery  
  198  12:52  Nexus  
  198  12:55  Photon Cannon  
  198  12:58  Shield Battery  
  198  13:07  High Templar  
  198  13:09  Photon Cannon  
  200  13:19  Pylon  
  200  13:20  Assimilator  
  200  13:24  Assimilator  
  200  13:25  Protoss Air Weapons Level 2 (Chrono Boost)  
  200  13:55  Protoss Ground Weapons Level 3  
  200  13:56  Protoss Ground Armor Level 3  
  200  13:57  Pylon  
  200  14:01  Nexus  
  200  14:04  Nexus, Pylon  
  200  14:11  Shadow Stride (Chrono Boost)  
  195  14:29  Pylon  
  195  14:31  Nexus  
  195  14:33  Pylon  
  195  14:45  Photon Cannon  
  195  14:47  Photon Cannon x2  
  195  14:51  Photon Cannon  
  195  14:53  Photon Cannon  
  195  14:54  Photon Cannon  
  195  14:57  Shield Battery  
  195  14:59  Shield Battery  
  181  15:00  Disruptor  
  181  15:04  Zealot x5, Stalker x6  
  181  15:05  Shield Battery  
  155  15:07  Shield Battery  
  155  15:09  Pylon  
  137  15:17  Tempest x2 (Chrono Boost)  
  137  15:18  Disruptor (Chrono Boost)  
  150  15:24  Archon  
  144  15:30  Observer, Tempest (Chrono Boost)  
  144  15:33  Disruptor (Chrono Boost)  
  146  15:37  High Templar x11  
  146  15:38  Photon Cannon  
  146  15:39  Shield Battery  
  171  15:42  Archon  
  171  15:43  Archon x2  
  171  15:49  Disruptor (Chrono Boost)  
  174  15:56  Probe x2  
  176  15:59  Assimilator  
  176  16:00  Assimilator  
  176  16:01  Disruptor, Photon Cannon  
  176  16:02  Oracle (Chrono Boost)  
  176  16:03  Tempest x2 (Chrono Boost)  
  179  16:04  Shield Battery  
  192  16:19  Disruptor  
  195  16:27  Stalker x2  
  196  16:37  Disruptor (Chrono Boost)  
  177  16:55  Disruptor (Chrono Boost)  
  177  16:56  Stalker x7  
  157  17:03  Archon  
  157  17:04  Archon  
  130  17:10  Disruptor (Chrono Boost)  
  130  17:12  Zealot x4  
  135  17:26  Stalker x7  
  144  17:37  Disruptor (Chrono Boost)  
  121  17:44  Observer  
  119  17:51  Zealot  
  119  17:52  Zealot x10  
  138  18:00  Disruptor x2 (Chrono Boost)  
  138  18:03  Probe x5  
  138  18:04  Probe, Pylon  
  147  18:11  Assimilator x2  
  147  18:12  High Templar x6  
  155  18:13  High Templar x2  
  155  18:18  Zealot x3  
  169  18:24  Archon x3  
  169  18:26  Disruptor (Chrono Boost)  
  155  18:27  Disruptor (Chrono Boost)  
  123  18:49  Disruptor (Chrono Boost)  
  123  18:51  Disruptor (Chrono Boost)  
  123  18:52  Stalker x3  
  123  18:53  Zealot x4, Stalker x4  
  144  19:18  Stalker x9  
  144  19:20  Zealot x2  
  153  19:33  Warp Prism (Chrono Boost)  
  153  19:37  Observer (Chrono Boost)  
  156  19:41  Nexus, Pylon  
  150  19:56  Disruptor  
  150  20:01  Disruptor  
  150  20:03  Stalker x5  
  150  20:06  Zealot x3  
  157  20:32  Disruptor  
  159  20:36  Disruptor  
  126  20:54  Stalker x7  
  126  20:55  Zealot x4  
Tags
 
Composition
Blink Stalkers
Event
TSL 9
League
Diamond
Matchup
PvT
Player
MaruherO
Spawn Locations
Cross Positions
Strategy
Banshee Rush
Add a new tag
Caveats
  • Supply blocks, unpowered buildings, or Contaminate may cause inaccurate times.
  • Supply counts are checked every 10 seconds.